 Dungeon Crawl Stone Soup version 0.27.0-1-g7a089689b8 (webtiles) character file.

Game seed: 17219413784930416443

23 Strat the Chopper (level 2, -3/26 HPs)
             Began as a Minotaur Monk on Aug 12, 2021.
             Slain by Natasha (4 damage)
             ... on level 2 of the Dungeon.
             The game lasted 00:02:45 (547 turns).

Strat the Chopper (Minotaur Monk)                    Turns: 547, Time: 00:02:45

Health: -3/26      AC:  5    Str: 15    XL:     2   Next: 72%
Magic:  1/1        EV: 11    Int:  7    God:
Gold:   88         SH:  0    Dex: 12    Spells: 1/1 levels left

rFire    . . .     SeeInvis .   a - +0 hand axe
rCold    . . .     Faith    .   (no shield)
rNeg     . . .     Spirit   .   h - +0 ring mail
rPois    .         Reflect  .   (helmet restricted)
rElec    .         Harm     .   (no cloak)
rCorr    .         Rampage  .   (no gloves)
Will     .....                  (no boots)
Stlth    +.........             (no amulet)
HPRegen  0.08/turn              (no ring)
MPRegen  0.07/turn              (no ring)

@: slowed, very slow
A: horns 2, retaliatory headbutt
a: no special abilities


You were on level 2 of the Dungeon.
You visited 1 branch of the dungeon, and saw 2 of its levels.

You collected 88 gold pieces.

Inventory:

Hand Weapons
 a - a +0 hand axe (weapon)
Missiles
 d - a throwing net
 e - 60 stones (quivered)
Armour
 b - a +0 robe
 h - a +0 ring mail (worn)
Jewellery
 c - a ring of wizardry
Scrolls
 f - a scroll of amnesia {unknown}
Potions
 g - 2 potions of lignification {unknown}
 i - a potion of heal wounds {unknown}


   Skills:
 - Level 3.6 Fighting
 + Level 4.9 Axes
 - Level 3.2 Dodging
 - Level 1.5 Stealth


You had one spell level left.
You didn't know any spells.
Your spell library was empty.

Dungeon Overview and Level Annotations

Branches:
Dungeon (1/15)

Altars:

Shops:
D:1 :   D:2 *

Annotations:
D:2 Natasha, Terence


Innate Abilities, Weirdness & Mutations

You have a pair of horns on your head.
You reflexively headbutt those who attack you in melee.


Message History

* * * LOW HITPOINT WARNING * * *
Natasha mumbles some strange words.
You see here a frilled lizard corpse.
You slash the adder!
The adder is severely wounded.
The adder bites you.
* * * LOW HITPOINT WARNING * * *
The white imp disappears in a puff of smoke!
The adder closely misses you. You furiously retaliate!
You headbutt the adder!
You kill the adder!
There is an open door here.
There is an open door here.
Natasha casts a spell.
Natasha wildly gestures.
Natasha's front paws start to glow.
Natasha casts a spell.
Natasha casts a spell at you. You resist with significant effort.
Natasha stares at you and mumbles some strange words.
You feel yourself slow down. Natasha completely misses you.
Natasha casts a spell at you. The magic dart hits you.
* * * LOW HITPOINT WARNING * * *
Natasha casts a spell at you. The magic dart hits you!
* * * LOW HITPOINT WARNING * * *
You see here a ball python skeleton.
Natasha claws you.
* * * LOW HITPOINT WARNING * * *
Terence says, "Time to say good-bye..."
The shadow imp laughs crazily.
Natasha casts a spell.
The shadow imp grinds its teeth.
You closely miss the shadow imp. Your headbutt misses the shadow imp.
You hit Natasha. Natasha casts a spell at you.
You resist with significant effort. The shadow imp closely misses you.
Natasha claws you.
You die...

#.#.# #...# ####### #.. . #.# #.
####### #.# #. #.....# #.# #.
##################.....####.####.
.............5@h@5.....'...>.....
###.....##########.....#####.##..
#.....# #.....# #.##..
###....@###### #.....# #.##..
...###.......# #.....# #.##..
...# #.......# ######### #.##.#
...# #.......# #<. ### #.##.#
...###.......## .. ..# #.##.#
#####.........# #.####.# #.##.#


You could see Terence, Natasha and 2 shadow imps.

Vanquished Creatures
  An adder (D:2)
  5 ball pythons
  An endoplasm (D:1)
  2 goblins
  A hobgoblin (D:1)
  A frilled lizard (D:2)
  A rat (D:1)
12 creatures vanquished.

Notes
Turn   | Place    | Note
-------+----------+-------------------------------------------
     0 | D:1      | Strat the Minotaur Monk began the quest for the Orb.
     0 | D:1      | Reached XP level 1. HP: 19/19 MP: 0/0
    10 | D:1      | Noticed a golden eye
    13 | D:1      | Noticed a golden eye
    42 | D:1      | Reached skill level 4 in Axes
    49 | D:1      | Found Hurch's Book Emporium.
    95 | D:1      | Reached XP level 2. HP: 16/26 MP: 1/1
   130 | D:1      | You fall into a shaft and drop 1 floor!
   160 | D:2      | Found Pibiguw's General Store.
   500 | D:2      | Noticed Natasha
   500 | D:2      | Noticed Terence
   544 | D:2      | HP: 1/26 [Natasha (3)]
   547 | D:2      | Slain by Natasha

Illustrated notes

Levels and vault maps discovered:
D:1:      onia_arrival_handbag, layout_rooms,
          hellmonk_ecumenical_altar_watching_god, serial_shops,
          nicolae_square_shop, shop, nicolae_square_shop, nicolae_square_shop,
          nicolae_shop_crystal, minmay_vboxes
D:2:      layout_basic, serial_shops, shop, serial_park_tiny_pond, uniq_natasha,
          uniq_terence

Skill      XL: |  1 |
---------------+----+-----
Axes           | 4 |  4.9
Fighting       | |  3.6
Dodging        | |  3.2
Stealth        | |  1.5

Action                   || total
-------------------------++-------
Melee: Hand axe          ||    21
       Headbutt          ||     2
Armor: Robe              ||     3
       Ring mail         ||     2
Dodge: Dodged            ||    16
